 Dungeon Crawl Stone Soup version 0.32-a0-361-g289a535e89 (webtiles) character file.

Game seed: 11874731305468601272

1139 timneilson the Ruffian (level 8, 0/54 HPs)
             Began as an Octopode Shapeshifter on Feb 18, 2024.
             Was an Initiate of Gozag.
             Slain by a hornet (10 damage)
             ... while paralysed by a hornet
             ... on level 6 of the Dungeon.
             The game lasted 00:09:25 (4526 turns).

timneilson the Ruffian (Octopode Shapeshifter)      Turns: 4526, Time: 00:09:26

Health: 0/54       AC:  1    Str: 16    XL:     8   Next: 37%
Magic:  8/8        EV:  2    Int: 12    God:    Gozag
Gold:   424        SH:  0    Dex: 11    Spells: 7/7 levels left

rFire   . .          .
                       - Unarmed
rCold   . . .        p - +0 kite shield
rNeg    . . .        (helmet currently unavailable)
rPois   .            (no amulet)
rElec   .            h - +5 ring of evasion
rCorr   .            (no ring)
SInv    .            (no ring)
Will    .....        (no ring)
Stlth   +++          (no ring)
HPRegen 0.29/turn    (no ring)
MPRegen 0.11/turn    (no ring)
                     (no ring)

%: no passive effects
@: paralysed, beast-form, gold aura, slowed
A: beast (slay +2), almost no armour, amphibious, 8 rings, camouflage 1,
gelatinous body 1, (nimble swimmer 1), tentacles
a: Begin Untransformation, Renounce Religion, Potion Petition, Call Merchant,
Bribe Branch


You were on level 6 of the Dungeon.
You worshipped Gozag.
Gozag was aware of your devotion.
You were a hulking beast.
You visited 2 branches of the dungeon, and saw 7 of its levels.

You collected 505 gold pieces.
You paid 81 gold pieces to Gozag.

Inventory:

Missiles
 k - 3 poisoned darts
Armour
 p - a +0 kite shield (worn)
Jewellery
 h - a +5 ring of evasion (left tentacle)
Talismans
 b - a beast talisman (active)
 c - a flux talisman
Wands
 i - a wand of acid (9)
 t - a wand of iceblast (5)
Scrolls
 d - 2 scrolls of enchant weapon
 q - a scroll of fog
 s - a scroll of teleportation
Potions
 a - 2 potions of lignification
 e - a potion of enlightenment
 f - 2 potions of curing
 g - a potion of heal wounds
 l - 2 potions of invisibility {unknown}
 m - 2 potions of mutation
 n - a potion of brilliance {unknown}
 o - a potion of berserk rage {unknown}


   Skills:
 * Level 4.2 Fighting
 * Level 4.4 Dodging
 + Level 4.1 Stealth
 + Level 2.3 Shields
 * Level 5.1 Unarmed Combat
 + Level 2.3 Evocations
 * Level 4.8 Shapeshifting


You had 7 spell levels left.
You didn't know any spells.
Your spell library contained the following spells:

 Spells                   Type           Power      Damage    Failure   Level
 Summon Small Mammal      Summ           0%         N/A       71%         1
 Mercury Vapours          Alch/Air       0%         N/A       83%         2
 Call Canine Familiar     Summ           0%         N/A       97%         3
 Volatile Blastmotes      Fire/Tloc      0%         2d10      97%         3
 Fulminant Prism          Conj/Alch      0%         3d5       100%        4
 Iskenderun's Mystic Bla  Conj/Tloc      0%         2d3       100%        4
 Passage of Golubria      Tloc           0%         N/A       100%        4
 Summon Blazeheart Golem  Fire/Summ      0%         N/A       100%        4
 Vhi's Electric Charge    Tloc/Air       0%         N/A       100%        4


Dungeon Overview and Level Annotations

Branches:
Dungeon (6/15)             Temple (1/1) D:5

Altars:
Ashenzari
Cheibriados
Dithmenos
Fedhas
Gozag
Hepliaklqana
Nemelex Xobeh
Qazlal
Ru
Sif Muna
Uskayaw
Vehumet
Wu Jian
Yredelemnul
The Shining One

Shops:
D:1 *   D:5 (:?*


Innate Abilities, Weirdness & Mutations

You are a hulking beast.
Your limbs bulge with bestial killing power. (Slay +2)
You cannot wear most types of armour.
You are amphibious.
You can wear up to eight rings at the same time.
Your skin changes colour to match your surroundings (Stealth+).
Your rubbery body absorbs attacks. (AC +1, EV +1)
((You are camouflaged when in or above water. (Stealth+)))
You have tentacles for arms and can constrict up to eight enemies at once.


Message History

The net rips apart, and the ogre comes free!
The ufetubus misses you. The ufetubus hits you.
The hornet struggles against the net.
You barely miss the hornet. Your squeeze misses the hornet.
The hornet is moderately wounded.
You constrict the hornet, but do no damage.
You block the ufetubus's attack. The ufetubus hits you.
The hornet struggles against the net.
The net rips apart, and the hornet comes free!
The ufetubus closely misses you. The ufetubus barely misses you.
Throw: throwing net
Press: ? - help, Q - select action, (/) - cycle Shift-Dir - straight line, f/p - hornet
Aim: a hornet (moderately wounded, constricted by you, 69% to hit)
You throw a throwing net.
The throwing net barely misses the hornet.
You constrict the hornet. The hornet stings you.
You feel yourself slow down. The ufetubus misses you.
The ufetubus barely misses you. The hornet stings you.
You feel as though you will be slow longer.
You bludgeon the hornet!
The hornet is heavily wounded.
You constrict the hornet, but do no damage.
The ufetubus slips past you! The ufetubus hits you. x2
The hornet closely misses you. The ufetubus misses you.
The ufetubus barely misses you. The hornet barely misses you.
The ufetubus completely misses you. The ufetubus closely misses you.
You bludgeon the hornet!
The hornet is severely wounded.
You constrict the hornet, but do no damage.
You block the hornet's attack. The ufetubus hits you.
You block the ufetubus's attack. You block the ogre's attack.
The hornet stings you!
* * * LOW HITPOINT WARNING * * *
You suddenly lose the ability to move!
You lose your grip on the hornet.
The ufetubus hits you.
* * * LOW HITPOINT WARNING * * *
The ufetubus hits you.
* * * LOW HITPOINT WARNING * * *
The hornet stings you!
You die...
Your body crumbles into a pile of gold.

#...# #...# #...# #####
#..#. ....####.# # ##
#...##.## ##.# #
#(......###.##
...[#.y.##...#...#######
#....Oh5$.............#
#.#######.......#####.#
#)#...### #)# ...#...#
#.. ######.## ### ..#
####


You could see a hornet, an ogre and an ufetubus.

Vanquished Creatures
  Menkaure (D:5)
  A centaur (D:5)
  A phantom (D:5)
  A howler monkey (D:5)
  3 hounds
  A gnoll bouda (D:4)
  4 orc priests (D:5)
  4 orc wizards
  3 iguanas
  Ijyb (D:3)
  10 gnolls
  8 adders
  3 ufetubi
  2 dart slugs
  22 orcs
  8 endoplasms
  5 giant cockroaches
  7 hobgoblins
  6 kobolds
  3 quokkas
  7 ball pythons
  5 bats
  3 frilled lizards
  4 goblins
  11 rats
124 creatures vanquished.

Notes
Turn   | Place    | Note
-------+----------+-------------------------------------------
     0 | D:1      | timneilson the Octopode Shapeshifter began the quest for
                  | the Orb.
     0 | D:1      | Reached XP level 1. HP: 13/13 MP: 1/1
    64 | D:1      | Reached XP level 2. HP: 12/18 MP: 2/2
   316 | D:1      | Reached skill level 1 in Stealth
   335 | D:1      | Reached XP level 3. HP: 23/23 MP: 3/3
   622 | D:1      | Found Lisiep's General Store.
   992 | D:2      | Reached XP level 4. HP: 29/29 MP: 4/4
  1556 | D:3      | Noticed Ijyb
  1570 | D:3      | Killed Ijyb
  1571 | D:3      | Reached XP level 5. HP: 35/35 MP: 5/5
  2167 | D:3      | Found a faded altar of an unknown god.
  2276 | D:3      | Reached XP level 6. HP: 39/41 MP: 6/6
  2299 | D:3      | Reached skill level 4 in Unarmed Combat
  2423 | D:4      | Reached skill level 1 in Shields
  2471 | D:4      | Reached skill level 1 in Evocations
  2911 | D:4      | Reached XP level 7. HP: 45/46 MP: 7/7
  3246 | D:5      | Entered Level 5 of the Dungeon
  3246 | D:5      | Found a staircase to the Ecumenical Temple.
  3255 | Temple   | Entered the Ecumenical Temple
  3266 | Temple   | Became a worshipper of Gozag Ym Sagoz the Greedy
  3395 | D:5      | Got the Octavo of Mutable Locality
  3453 | D:5      | Noticed Menkaure
  3461 | D:5      | Killed Menkaure
  3526 | D:5      | Found Hiakimob's Antique Weapon Shoppe.
  3554 | D:5      | Found Vuemiann's Book Shoppe.
  3589 | D:5      | Reached XP level 8. HP: 42/54 MP: 8/8
  3766 | D:5      | Reached skill level 5 in Unarmed Combat
  3890 | D:5      | Found Tairgh's General Store.
  4025 | D:5      | Found Qeileabro's Magic Scroll Emporium.
  4516 | D:6      | Noticed a hornet
  4525 | D:6      | Paralysed by a hornet for 3 turns
  4526 | D:6      | Slain by a hornet

Illustrated notes

Levels and vault maps discovered:
D:1:      onia_arrival_handbag, layout_basic, serial_shops, shop, minivault_24
D:2:      layout_loops_cross
D:3:      layout_basic, shapermc_ecumenical_altar_mp_highgroup, uniq_ijyb
D:4:      layout_loops_ring
D:5:      layout_gridville, minmay_temple_entry_butterflies, serial_shops, shop,
          shop, nicolae_shop_peninsula, nicolae_shop_tiny_statue_garden,
          uniq_menkaure
D:6:      corexii_shantytown, layout_loops_ring
Temple:   nicolae_temple_bog_church

Skill      XL: |  1  2  3  4  5  6  7  8 |
---------------+-------------------------+-----
Stealth        | 1 2 3 4 |  4.1
Fighting       | 2 3 4 |  4.2
Dodging        | 3 4 |  4.4
Unarmed Combat | 4 5 |  5.1
Shields        | 1 2 |  2.3
Evocations     | 1 2 |  2.3
Shapeshifting  | 4 |  4.8

Action                     |  1- 3 |  4- 6 |  7- 9 || total
---------------------------+-------+-------+-------++-------
  Melee: Unarmed           |    52 |   139 |    89 ||   280
         Constrict         |    14 |    35 |    23 ||    72
         Tentacles         |     7 |    36 |    19 ||    62
         Punch             |     3 |     3 |     8 ||    14
  Throw: Throwing net      |       |       |     3 ||     3
    Use: Scroll            |     6 |     2 |     6 ||    14
         Potion            |       |     2 |       ||     2
   Stab: Sleeping          |    10 |     9 |     2 ||    21
         Distracted        |       |     1 |     3 ||     4
 Armour: Skin              |     8 |    43 |    39 ||    90
  Dodge: Dodged            |    32 |    57 |    66 ||   155
  Block: Buckler           |     1 |    13 |       ||    14
         Kite shield       |       |     5 |    31 ||    36

Table legend: (Time is in decaauts)
 A = Elapsed time spent in this place.
 B = Non-inter-level travel time spent in this place.
 C = Inter-level travel time spent in this place.
 D = Time resting spent in this place.
 E = Time spent auto-exploring this place.
 F = Levels seen in this place.
 G = Mean time per level.
                   A        B        C        D        E       F      G
               +--------+--------+--------+--------+--------+-----+--------+
         Total |   4531 |   4408 |    123 |    173 |   3151 |   7 |  647.3 |
       Dungeon |   4509 |   4396 |    113 |    173 |   3151 |   6 |  751.5 |
        Temple |     22 |     12 |     10 |      0 |      0 |   1 |   22.0 |
               +--------+--------+--------+--------+--------+-----+--------+

Top non-repeatable levels by time:
     D:5: 1099 daAuts
     D:1: 956 daAuts
     D:3: 860 daAuts
     D:4: 832 daAuts
     D:2: 592 daAuts
     D:6: 166 daAuts
  Temple: 22 daAuts
